 Seeded DCSS version 0.31-a0-557-g6e16503903 (webtiles) character file.

Game seed: 16161720884980326079 (custom seed)

1423 innerfire43 the Ruffian (level 8, -1/52 (61) HPs)
             Began as a Gnoll Shapeshifter on Aug 16, 2023.
             Was an Elder of Nemelex Xobeh.
             Slain by a wight
             ... wielding a +2 long sword
              (5 damage)
             ... on level 6 of the Dungeon.
             The game lasted 00:08:02 (4961 turns).

innerfire43 the Ruffian (Gnoll Shapeshifter)        Turns: 4961, Time: 00:08:02

HP:   -1/52 (61)    AC:  6    Str: 18    XL:     8   Next: 72%
MP:   13/13         EV: 13    Int:  7    God:    Nemelex Xobeh [****..]
Gold: 352           SH:  0    Dex: 12    Spells: 14/14 levels left

rFire   . . .        n - +4 club (flame)
rCold   . . .        (no shield)
rNeg    . . .        s - +1 ring mail {Will+}
rPois   .            q - melded +2 helmet "Paunutas" {rC- Will++ Dex+4 SInv}
rElec   .            r - melded +1 cloak
rCorr   .            (gloves currently unavailable)
SInv    .            (boots currently unavailable)
Will    +....        k - amulet of faith
Stlth   ++           (no ring)
HPRegen 0.28/turn    (no ring)
MPRegen 0.13/turn

%: faith
@: beast-form, heavily drained
A: beast (slay +4), fangs 1, strong nose, distributed training
a: Begin Untransformation, Renounce Religion, Draw Escape, Draw Destruction,
Draw Summoning, Triple Draw, Deal Four


You were on level 6 of the Dungeon.
You worshipped Nemelex Xobeh.
Nemelex Xobeh was greatly pleased with you.
You were a hulking beast.
You visited 1 branch of the dungeon, and saw 6 of its levels.
You also visited: Ossuary.

You collected 469 gold pieces.
You spent 117 gold pieces at shops.

Inventory:

Hand Weapons
 n - a +4 club of flaming (weapon)
Missiles
 o - a throwing net
Armour
 a - a +0 animal skin
 g - a +0 helmet
 q - the +2 helmet "Paunutas" (melded) {rC- Will++ Dex+4 SInv}
   (You found it on level 2 of the Dungeon)

   Dex+4:     It affects your dexterity (+4).
   rC-:       It makes you vulnerable to cold.
   Will++:    It greatly increases your willpower.
   SInv:      It lets you see invisible.
 r - a +1 cloak (melded)
 s - a +1 ring mail of willpower (worn)
 F - an orb of energy
Jewellery
 e - an amulet of magic regeneration
 k - an amulet of faith (around neck)
 p - an amulet of guardian spirit
Talismans
 c - a beast talisman (active)
 d - a flux talisman
Wands
 u - a wand of flame (18)
 E - a wand of iceblast (4)
Scrolls
 h - 2 scrolls of silence {unknown}
 m - 2 scrolls of fog {unknown}
 t - a scroll of poison {unknown}
 v - 2 scrolls of identify {unknown}
 w - 2 scrolls of revelation {unknown}
 x - 6 scrolls of teleportation {unknown}
 y - 4 scrolls of immolation {unknown}
 G - a scroll of acquirement {unknown}
 H - a scroll of enchant weapon {unknown}
 I - a scroll of amnesia {unknown}
 J - a scroll of enchant armour {unknown}
Potions
 b - a potion of lignification
 f - a potion of heal wounds {unknown}
 i - 2 potions of haste {unknown}
 j - a potion of ambrosia {unknown}
 l - a potion of attraction {unknown}
 z - a potion of mutation {unknown}
 A - 3 potions of degeneration {unknown}
 B - a potion of magic
 D - 2 potions of brilliance {unknown}


   Skills:
 + Level 4.5 Fighting
 + Level 3.6 Short Blades
 + Level 3.6 Long Blades
 + Level 3.6 Axes
 + Level 3.6 Maces & Flails
 + Level 3.6 Polearms
 + Level 3.6 Staves
 + Level 3.6 Ranged Weapons
 + Level 3.6 Throwing
 + Level 3.6 Armour
 + Level 5.9 Dodging
 + Level 3.6 Stealth
 + Level 3.6 Shields
 + Level 7.5 Unarmed Combat
 + Level 3.6 Spellcasting
 + Level 2.9 Conjurations
 + Level 2.9 Hexes
 + Level 2.9 Summonings
 + Level 2.9 Necromancy
 + Level 2.9 Translocations
 + Level 2.9 Transmutations
 + Level 2.9 Fire Magic
 + Level 2.9 Ice Magic
 + Level 2.9 Air Magic
 + Level 2.9 Earth Magic
 + Level 2.9 Poison Magic
 + Level 4.0 Invocations
 + Level 3.6 Evocations
 + Level 7.2 Shapeshifting


You had 14 spell levels left.
You didn't know any spells.
Your spell library contained the following spells:

 Spells                   Type           Power      Damage    Failure   Level
 Lesser Beckoning         Tloc           10%        N/A       26%         2
 Momentum Strike          Conj/Tloc      10%        3d8       26%         2
 Poisonous Vapours        Pois/Air       10%        N/A       26%         2
 Mephitic Cloud           Conj/Pois/Air  5%         N/A       45%         3
 Portal Projectile        Hex/Tloc       10%        N/A       45%         3
 Teleport Other           Tloc           5%         N/A       45%         3
 Freezing Cloud           Conj/Ice/Air   2%         6-21      99%         5
 Summon Forest            Summ/Tloc      2%         N/A       99%         5


Dungeon Overview and Level Annotations

Branches:
Dungeon (6/15)             Temple (0/1) D:6         Ossuary (visited)

Altars:
Makhleb
Nemelex Xobeh
Okawaru
Sif Muna
Zin
The Shining One

Shops:
D:4 !   D:6 *


Innate Abilities, Weirdness & Mutations

You are a hulking beast.
Your limbs bulge with bestial killing power. (Slay +4)
You have very sharp teeth.
Your uncanny sense of smell can sniff out nearby items.
Your experience applies equally to all skills.


Message History

The wight is lightly damaged.
The wight hits you with a +2 long sword!
You feel drained. The wight barely misses you.
You hit the wight. You burn the wight. You punch the wight.
The wight is heavily damaged.
The wight barely misses you. The wight completely misses you. x2
The wight hits you from afar with a +2 halberd!
You feel drained. The wight closely misses you.
The wight misses you. x2; The wight closely misses you.
The wight closely misses you.
The wight hits you with a +2 long sword.
* * * LOW HITPOINT WARNING * * *
You feel drained.
* * * LOW HITPOINT WARNING * * *
The wight completely misses you. The wight attacks as you move away!
The wight hits you with a +2 long sword!
* * * LOW HITPOINT WARNING * * *
You feel drained.
* * * LOW HITPOINT WARNING * * *
You feel better.
The wight hits you with a +2 long sword.
* * * LOW HITPOINT WARNING * * *
You feel better.
The wight hits you from afar with a +0 trident.
* * * LOW HITPOINT WARNING * * *
You feel drained.
* * * LOW HITPOINT WARNING * * *
The wight hits you with a +2 long sword.
* * * LOW HITPOINT WARNING * * *
You hit the wight. You burn the wight.
The wight is severely damaged.
The wight hits you from afar with a +0 trident.
* * * LOW HITPOINT WARNING * * *
The wight completely misses you.
Unknown command.
It was a potion of magic.
Magic courses through your body.
The wight hits you with a +2 long sword.
You die...
Your body glows slightly and disappears.

.> ....# ## ..##...#
# #..#..# #.....# ##
...#....# #.
........### #.
###...#.z.# #. ###
###z# #. #h#######
#. ##.......# #..
#........# #.#
####.......<# #.#
#.....##....# #.#
#####...........#
#..
##......####.....#
#..
###..#......##.#.###
#.. #...##.#.##.#...
# ####


You could see 2 wights.

Vanquished Creatures
  A troll (D:5)
  2 ice beasts
  A black bear (D:6)
  2 elf zombies (Ossuary)
  2 howler monkeys (D:5)
  A crimson imp (D:6)
  A human zombie (Ossuary)
  A hound (D:5)
  3 orc priests (D:5)
  A jelly (D:5)
  Crazy Yiuf (D:2)
  Jessica (D:2)
  3 iguanas
  Terence (D:2)
  2 sleepcaps
  4 mummies (Ossuary)
  3 gnolls (D:5)
  5 adders
  2 white imps
  2 ufetubi (D:4)
  3 worms (D:2)
  2 dart slugs
  20 orcs
  A bat (D:3)
  3 endoplasms
  3 giant cockroaches
  18 goblins
  8 hobgoblins
  4 jackals (D:4)
  10 kobolds
  2 quokkas
  7 ball pythons
  3 frilled lizards
  A gnoll zombie (Ossuary)
  A goblin skeleton (D:6)
  4 goblin zombies
  7 hobgoblin zombies
  A kobold skeleton (D:6)
  2 kobold zombies (D:6)
  An orc zombie (D:6)
  3 rats
  2 rat zombies (Ossuary)
145 creatures vanquished.

Notes
Turn   | Place    | Note
-------+----------+-------------------------------------------
     0 | D:1      | innerfire43 the Gnoll Shapeshifter began the quest for the
                  | Orb.
     0 | D:1      | Reached XP level 1. HP: 17/17 MP: 1/1
   108 | D:1      | Found a faded altar of an unknown god.
   121 | D:1      | Reached XP level 2. HP: 22/23 MP: 2/2
   470 | D:1      | Prayed at the altar of an unknown god.
   470 | D:1      | Became a worshipper of Nemelex Xobeh the Trickster
   470 | D:1      | Reached * piety under Nemelex Xobeh
   528 | D:2      | Reached XP level 3. HP: 28/28 MP: 3/3
   529 | D:2      | Received a gift from Nemelex Xobeh
   574 | D:2      | Noticed Terence
   581 | D:2      | Killed Terence
   582 | D:2      | Reached skill level 1 in Short Blades
   582 | D:2      | Reached skill level 1 in Long Blades
   582 | D:2      | Reached skill level 1 in Axes
   582 | D:2      | Reached skill level 1 in Maces & Flails
   582 | D:2      | Reached skill level 1 in Polearms
   582 | D:2      | Reached skill level 1 in Staves
   582 | D:2      | Reached skill level 1 in Ranged Weapons
   582 | D:2      | Reached skill level 1 in Throwing
   582 | D:2      | Reached skill level 1 in Armour
   582 | D:2      | Reached skill level 1 in Stealth
   582 | D:2      | Reached skill level 1 in Shields
   582 | D:2      | Reached skill level 1 in Spellcasting
   582 | D:2      | Reached skill level 1 in Invocations
   582 | D:2      | Reached skill level 1 in Evocations
   589 | D:2      | Reached XP level 4. HP: 20/34 MP: 5/5
   847 | D:2      | Found a runed translucent door.
   848 | D:2      | Noticed Crazy Yiuf
   886 | D:2      | Identified the +2 helmet "Paunutas" {rC- Will++ Dex+4 SInv}
   886 | D:2      | Noticed Robin
   906 | D:2      | Robin changed into Robin the orc
   906 | D:2      | Noticed Robin
   911 | D:2      | Reached skill level 1 in Conjurations
   911 | D:2      | Reached skill level 1 in Hexes
   911 | D:2      | Reached skill level 1 in Summonings
   911 | D:2      | Reached skill level 1 in Necromancy
   911 | D:2      | Reached skill level 1 in Translocations
   911 | D:2      | Reached skill level 1 in Transmutations
   911 | D:2      | Reached skill level 1 in Fire Magic
   911 | D:2      | Reached skill level 1 in Ice Magic
   911 | D:2      | Reached skill level 1 in Air Magic
   911 | D:2      | Reached skill level 1 in Earth Magic
   911 | D:2      | Reached skill level 1 in Poison Magic
   912 | D:2      | Killed Robin the orc
  1152 | D:2      | Noticed Jessica
  1155 | D:2      | Killed Jessica
  1156 | D:2      | Reached XP level 5. HP: 39/40 MP: 5/7
  1267 | D:2      | Killed Crazy Yiuf
  1769 | D:3      | Identified the +5 dagger of the King {flame, Fly rC+++
                  | Str-5 Dex-4}
  1799 | D:3      | Reached ** piety under Nemelex Xobeh
  2190 | D:4      | Reached XP level 6. HP: 39/47 MP: 8/8
  2308 | D:4      | Found Quem's Distillery.
  2313 | D:4      | Bought a potion of curing for 39 gold pieces
  2313 | D:4      | Bought a potion of curing for 39 gold pieces
  2313 | D:4      | Bought a potion of curing for 39 gold pieces
  2358 | D:4      | Found a sand-covered staircase.
  2380 | D:4      | Found a burning altar of Makhleb.
  2380 | D:4      | Found a shimmering blue altar of Sif Muna.
  2412 | Ossuary  | Entered an ossuary
  2425 | Ossuary  | Reached skill level 5 in Dodging
  2448 | Ossuary  | HP: 2/47 [elf zombie (1)]
  2453 | Ossuary  | HP: 1/47 [elf zombie (5)]
  2632 | Ossuary  | Reached XP level 7. HP: 42/52 MP: 10/10
  2954 | D:4      | Reached *** piety under Nemelex Xobeh
  3518 | D:5      | Entered Level 5 of the Dungeon
  3524 | D:5      | Found a sparkling altar of Nemelex Xobeh.
  3557 | D:5      | Received a gift from Nemelex Xobeh
  3909 | D:5      | Got Pyrano's Elucidation of the Singularity
  3993 | D:5      | Noticed a troll
  4006 | D:5      | Killed a troll
  4007 | D:5      | Reached XP level 8. HP: 29/60 MP: 12/12
  4414 | D:5      | Received a gift from Nemelex Xobeh
  4615 | D:6      | Found Zin's Purification Station.
  4617 | D:6      | Found a glowing silver altar of Zin.
  4623 | D:6      | Reached **** piety under Nemelex Xobeh
  4698 | D:6      | Found a glowing golden altar of the Shining One.
  4816 | D:6      | Found an iron altar of Okawaru.
  4919 | D:6      | Received a gift from Nemelex Xobeh
  4948 | D:6      | Found a staircase to the Ecumenical Temple.
  4957 | D:6      | HP: 1/53 [wight/+2 long sword (2)]
  4961 | D:6      | Slain by a wight

Illustrated notes

Levels and vault maps discovered:
D:1:      nzn_arrival_settlement, layout_rooms,
          shapermc_ecumenical_altar_starsandcircs
D:2:      layout_basic, feat_on_display, uniq_jessica, uniq_robin,
          uniq_crazy_yiuf_cottage, uniq_terence
D:3:      layout_rooms, interstate_on_off, guppyfry_early_orc_mine
D:4:      layout_cave_pods, gammafunk_temple_overflow_wave, enter_ossuary_1,
          serial_shops, kennysheep_little_box
D:5:      layout_loops_ring, amcnicky_altar_gilded
D:6:      layout_basic, cheibrodos_worm_habitat, zin_purify,
          nicolae_tso_besieged_by_evil, elyvilon_altar_4,
          kennysheep_okawaru_gauntlet, minmay_temple_entry_mini_moons,
          nicolae_letterblocks [nicolae_letter_subblock,
          nicolae_letter_subblock, nicolae_letter_subblock,
          nicolae_letter_subblock, nicolae_letter_subblock,
          nicolae_letter_subblock, nicolae_letter_subblock,
          nicolae_letter_subblock, nicolae_letter_subblock,
          nicolae_letter_subblock, nicolae_letter_subblock,
          nicolae_letter_subblock, nicolae_letter_subblock,
          nicolae_letter_subblock, nicolae_letter_subblock,
          nicolae_letter_subblock, nicolae_letter_subblock,
          nicolae_letter_subblock, nicolae_letter_subblock,
          nicolae_letter_subblock, nicolae_letter_subblock,
          nicolae_letter_subblock, nicolae_letter_subblock,
          nicolae_letter_subblock, nicolae_letter_subblock]

Skill      XL: |  1  2  3  4  5  6  7  8 |
---------------+-------------------------+-----
Short Blades   | 1 2 3 |  3.6
Long Blades    | 1 2 3 |  3.6
Axes           | 1 2 3 |  3.6
Maces & Flails | 1 2 3 |  3.6
Polearms       | 1 2 3 |  3.6
Staves         | 1 2 3 |  3.6
Ranged Weapons | 1 2 3 |  3.6
Throwing       | 1 2 3 |  3.6
Armour         | 1 2 3 |  3.6
Stealth        | 1 2 3 |  3.6
Shields        | 1 2 3 |  3.6
Spellcasting   | 1 2 3 |  3.6
Invocations    | 1 2 3 4 |  4.0
Evocations     | 1 2 3 |  3.6
Conjurations   | 1 2 |  2.9
Hexes          | 1 2 |  2.9
Summonings     | 1 2 |  2.9
Necromancy     | 1 2 |  2.9
Translocations | 1 2 |  2.9
Transmutations | 1 2 |  2.9
Fire Magic     | 1 2 |  2.9
Ice Magic      | 1 2 |  2.9
Air Magic      | 1 2 |  2.9
Earth Magic    | 1 2 |  2.9
Poison Magic   | 1 2 |  2.9
Fighting       | 3 4 |  4.5
Dodging        | 5 |  5.9
Unarmed Combat | 7 |  7.5
Shapeshifting  | 7 |  7.2

Action                     |  1- 3 |  4- 6 |  7- 9 || total
---------------------------+-------+-------+-------++-------
  Melee: Unarmed           |    31 |    27 |   180 ||   238
         Bite              |     3 |    20 |    29 ||    52
         Club              |       |   135 |    22 ||   157
         Punch             |       |     9 |     2 ||    11
 Invoke: Draw Destruction  |       |     3 |       ||     3
    Use: Scroll            |       |     1 |       ||     1
         Potion            |       |     4 |     3 ||     7
   Stab: Sleeping          |     1 |     4 |       ||     5
         Distracted        |       |     1 |       ||     1
 Armour: Animal skin       |     1 |     7 |       ||     8
         Ring mail         |       |    71 |    67 ||   138
  Dodge: Dodged            |     9 |   165 |   155 ||   329
   Form: Flux              |       |       |     2 ||     2
         Beast             |       |       |     2 ||     2

Table legend: (Time is in decaauts)
 A = Elapsed time spent in this place.
 B = Non-inter-level travel time spent in this place.
 C = Inter-level travel time spent in this place.
 D = Time resting spent in this place.
 E = Time spent auto-exploring this place.
 F = Levels seen in this place.
 G = Mean time per level.
                   A        B        C        D        E       F      G
               +--------+--------+--------+--------+--------+-----+--------+
         Total |   4962 |   4688 |    274 |      0 |   3751 |   7 |  708.9 |
       Dungeon |   4494 |   4220 |    274 |      0 |   3425 |   6 |  749.0 |
       Ossuary |    468 |    468 |      0 |      0 |    326 |   1 |  468.0 |
               +--------+--------+--------+--------+--------+-----+--------+

Top non-repeatable levels by time:
     D:5: 1020 daAuts
     D:4: 998 daAuts
     D:2: 789 daAuts
     D:3: 779 daAuts
     D:1: 503 daAuts
 Ossuary: 468 daAuts
     D:6: 402 daAuts
